 Dungeon Crawl Stone Soup version 0.29.0-11-gd7f09526c8 (webtiles) character file.

Game seed: 4094370017220466653

1778 sanka the Grappler (level 8, -2/79 HPs)
             Began as a Troll Cinder Acolyte on Sept 2, 2022.
             Was a High Priest of Ignis.
             Killed from afar by an acid dragon (29 damage)
             ... with a splash of acid
             ... on level 6 of the Dungeon.
             The game lasted 00:05:49 (4704 turns).

sanka the Grappler (Troll Cinder Acolyte)           Turns: 4704, Time: 00:05:50

Health: -2/79      AC:  5    Str: 23    XL:     8   Next: 81%
Magic:  8/8        EV:  9    Int: 10    God:    Ignis [*****.]
Gold:   312        SH:  0    Dex:  7    Spells: 9/9 levels left

rFire   + . .      SeeInvis .     - Unarmed
rCold   . . .      Faith    .   (no shield)
rNeg    . . .      Spirit   .   a - +0 robe
rPois   .          Reflect  .   (helmet restricted)
rElec   .          Harm     .   j - +0 cloak
rCorr   .          Rampage  .   (gloves unavailable)
Will    .....                   (boots unavailable)
Stlth   +.........              (no amulet)
HPRegen 1.03/turn               (no ring)
MPRegen 0.11/turn               (no ring)

@: no status effects
A: large, unfitting armour, claws 3, regeneration 1, shaggy fur 1, tough skin 1
a: Renounce Religion, Fiery Armour, Foxfire Swarm, Rising Flame


You were on level 6 of the Dungeon.
You worshipped Ignis.
Ignis was extremely pleased with you.
You visited 1 branch of the dungeon, and saw 6 of its levels.

You collected 312 gold pieces.


Innate Abilities, Weirdness & Mutations

You are too large for most types of armour.
You have claws for hands.
Your natural rate of healing is unusually fast.
You are covered in fur. (AC +1)
You have tough skin. (AC +1)


   Skills:
 + Level 4.4 Fighting
 + Level 10.9 Unarmed Combat
 - Level 1.0 Spellcasting
 - Level 2.1 Fire Magic


You had 9 spell levels left.
You didn't know any spells.
Your spell library contained the following spells:

 Spells                   Type           Power      Damage    Failure   Level
 Scorch                   Fire           8%         2d5       22%         2

Inventory:

Armour
 a - a +0 robe (worn)
 j - a +0 cloak (worn)
Wands
 p - a wand of paralysis (4)
Scrolls
 b - 4 scrolls of poison {unknown}
 e - a scroll of silence {unknown}
 g - 5 scrolls of enchant weapon {unknown}
 k - 2 scrolls of enchant armour {unknown}
 l - 2 scrolls of fear {unknown}
 m - 6 scrolls of identify {unknown}
 o - 7 scrolls of vulnerability {unknown}
 s - a scroll of brand weapon {unknown}
Potions
 c - 3 potions of lignification {unknown}
 d - a potion of degeneration {unknown}
 f - a potion of resistance {unknown}
 h - 3 potions of curing {unknown}
 i - 2 potions of heal wounds {unknown}
 n - 3 potions of mutation {unknown}
 q - 2 potions of flight {unknown}
 r - a potion of brilliance {unknown}

Dungeon Overview and Level Annotations

Branches:
Dungeon (6/15)
 Temple: D:4-7

Altars:
Elyvilon
Xom

Shops:
D:6

*
ff......▒▒▒...▒.▒▒.▒▒..▒▒▒.
f..ff....▒.....▒▒......+...
.........▒.....▒▒......▒...
.........▒.....)'......▒...
▒....▒▒▒▒...▒▒..▒▒.▒▒▒▒
▒....▒▒▒▒...▒▒..▒▒.▒▒..
▒......)...............
▒......D...............
▒.....T................
▒▒▒▒▒▒▒▒▒▒▒▒▒▒▒▒▒▒▒▒▒▒▒


You could see an acid dragon (catching breath).


Message History

The acid dragon spits acid at you. The splash of acid hits you!
The gnoll misses you. The gnoll hits you with a +0 flail!
The gnoll hits you with a +0 flail.
* * * LOW HITPOINT WARNING * * *
You scratch the gnoll.
The gnoll is moderately wounded.
The gnoll hits you with a +0 flail.
* * * LOW HITPOINT WARNING * * *
You mangle the gnoll!!
You kill the gnoll!
You claw the acid dragon!
The acid dragon is heavily wounded.
The acid dragon bites you!
* * * LOW HITPOINT WARNING * * *
The acid dragon claws you.
* * * LOW HITPOINT WARNING * * *
You closely miss the acid dragon.
The acid dragon is heavily wounded.
The acid dragon bites you.
* * * LOW HITPOINT WARNING * * *
The acid dragon claws you but does no damage.
You completely miss the acid dragon.
The acid dragon is heavily wounded.
You claw the acid dragon!
The acid dragon is almost dead.
The acid dragon spits acid at you. The splash of acid hits you!!
You die...

Action                   |  1- 3 |  4- 6 |  7- 9 || total
-------------------------+-------+-------+-------++-------
Melee: Unarmed           |   104 |   122 |   149 ||   375
       Punch             |       |     5 |    14 ||    19
Invok: Fiery Armour      |       |     1 |       ||     1
 Stab: Sleeping          |       |     1 |       ||     1
Armor: Robe              |    36 |    47 |    48 ||   131
Dodge: Dodged            |    50 |    60 |    49 ||   159

Levels and vault maps discovered:
D:1:      minmay_arrival_checkered_box, layout_rooms
D:2:      layout_loops_corners, grunt_ministairs_4,
          hangedman_abyss_or_decor_stabs, uniq_crazy_yiuf_cottage
D:3:      layout_basic, shapermc_ecumenical_altar_gd
D:4:      old_forge, layout_cave_pods, old_standard_altar,
          nicolae_elyvilon_peaceful_grove
D:5:      layout_loops_ring, hangedman_abyss_or_decor_stagger,
          kennysheep_generic_room_16
D:6:      layout_gridville, zin_scriptorium, mainiacjoe_overflow_catch_the_wave,
          nicolae_shop_sticking_my_neck_out, uniq_blork_the_orc

Notes
Turn   | Place    | Note
-------+----------+-------------------------------------------
     0 | D:1      | sanka the Troll Cinder Acolyte began the quest for the Orb.
     0 | D:1      | Reached XP level 1. HP: 22/22 MP: 1/1
   105 | D:1      | Reached XP level 2. HP: 29/29 MP: 2/2
   292 | D:1      | Reached skill level 4 in Unarmed Combat
   310 | D:1      | Reached XP level 3. HP: 32/36 MP: 3/3
   718 | D:2      | Reached skill level 5 in Unarmed Combat
   718 | D:2      | Reached XP level 4. HP: 8/44 MP: 4/4
  1296 | D:2      | Found a runed translucent door.
  1297 | D:2      | Noticed Crazy Yiuf
  1373 | D:2      | Reached XP level 5. HP: 50/50 MP: 5/5
  1564 | D:2      | Killed Crazy Yiuf
  1565 | D:2      | Reached skill level 6 in Unarmed Combat
  1797 | D:3      | Found a faded altar of an unknown god.
  2313 | D:4      | Found a white marble altar of Elyvilon.
  2323 | D:4      | Identified the +3 dagger of Glory {pain, rN+ Int+6}
  2695 | D:4      | Reached XP level 6. HP: 45/59 MP: 6/6
  2705 | D:4      | Reached skill level 7 in Unarmed Combat
  2736 | D:4      | Found a shimmering altar of Xom.
  3173 | D:4      | Reached skill level 8 in Unarmed Combat
  3173 | D:4      | Reached XP level 7. HP: 56/66 MP: 7/7
  3196 | D:4      | Found the +7 Singing Sword {vorpal, sonic wave}
  3307 | D:5      | Entered Level 5 of the Dungeon
  3345 | D:5      | Reached skill level 9 in Unarmed Combat
  3507 | D:5      | Reached XP level 8. HP: 69/74 MP: 8/8
  3647 | D:5      | Reached skill level 10 in Unarmed Combat
  4037 | D:5      | Reached skill level 3 in Fighting
  4106 | D:5      | Identified the +1 pair of boots of Generosity {rN+ Str+2
                  | Slay+3}
  4237 | D:5      | HP: 7/76 [poisoned by a gnoll sergeant]
  4242 | D:5      | HP: 7/76 [poisoned by a gnoll sergeant]
  4469 | D:6      | Reached skill level 4 in Fighting
  4608 | D:6      | Found Onink's Neck Hole.
  4628 | D:6      | Noticed Blork the orc
  4636 | D:6      | Killed Blork the orc
  4704 | D:6      | Killed from afar by an acid dragon

Vanquished Creatures
  An ice beast (D:5)
  A black bear (D:6)
  2 ogres (D:5)
  Blork the orc (D:6)
  A phantom (D:5)
  A gnoll sergeant (D:5)
  5 scorpions (D:4)
  A howler monkey (D:5)
  3 jellies
  6 hounds
  Crazy Yiuf (D:2)
  5 orc priests
  3 orc wizards (D:5)
  2 iguanas
  15 gnolls
  9 adders
  A worm (D:3)
  2 dart slugs
  11 orcs
  7 endoplasms
  7 giant cockroaches
  7 goblins
  5 hobgoblins
  4 jackals (D:5)
  5 kobolds
  5 quokkas
  10 ball pythons
  12 bats
  2 frilled lizards
  5 rats
140 creatures vanquished.

Vanquished Creatures (others)
  59 fungi
59 creatures vanquished.

Grand Total: 199 creatures vanquished
